2963 views
Uploaded 2020-01-29 21:00:48
Game version 1.32 / 1.32.1
13:04 long 1on1 ladder game on (3)NomadIsles
Saved by BEARAND
2963 views
Uploaded 2020-01-29 21:00:48
Game version 1.32 / 1.32.1
13:04 long 1on1 ladder game on (3)NomadIsles

18 units @ 2.3k
/ 0.1k
11 buildings @ 1.8k
/ 0.5k


| Lesser Clarity Potion | 1 | 70 |
| Healing Salve | 2 | 200 |
| total: | 3 | 270g |
| Peon | 10 | 750 | / | 0 |
| Grunt | 5 | 1000 | / | 0 |
| Demolisher | 2 | 440 | / | 100 |
| Mud Golem | 1 | 145 | / | 10 |
| total: | 18 | 2335g | / | 110w |
| Watch Tower | 1 | 110 | / | 80 |
| Altar of Storms | 1 | 180 | / | 50 |
| Barracks | 2 | 360 | / | 100 |
| Orc Burrow | 5 | 800 | / | 200 |
| Voodoo Lounge | 1 | 130 | / | 30 |
| War Mill | 1 | 205 | / | 0 |
| Stronghold | 1 | 315 | / | 190 |
| total: | 11 | 1785g | / | 460w |
| 0:07 | Altar of Storms |
| 0:08 | Peon |
| 0:15 | Barracks |
| 0:22 | Orc Burrow |
| 0:46 | Orc Burrow |
| 0:49 | Peon |
| 1:06 | Peon |
| 1:26 | Voodoo Lounge |
| 1:33 | Peon |
| 1:44 | Grunt |
| 2:04 | Orc Burrow |
| 2:23 | Grunt |
| 2:36 | Feral Spirit |
| 2:51 | Grunt |
| 3:17 | Lesser Clarity Potion |
| 3:20 | Healing Salve |
| 3:20 | Healing Salve |
| 4:11 | War Mill |
| 4:15 | Barracks |
| 4:21 | Orc Burrow |
| 4:28 | Chain Lighting |
| 6:22 | Stronghold |
| 7:22 | Grunt |
| 7:24 | Grunt |
| 7:33 | Steel Armor |
| 8:20 | Feral Spirit |
| 9:02 | Mud Golem |
| 9:07 | Demolisher |
| 9:07 | Demolisher |
| 9:16 | Orc Burrow |
| 10:15 | Peon |
| 10:15 | Peon |
| 10:15 | Peon |
| 10:15 | Peon |
| 10:37 | Peon |
| 10:38 | Peon |
| 10:47 | Watch Tower |
| 11:03 | Reinforced Defenses |
| 11:50 | Healing Wave |
| Right click | 658 |
| Select group | 279 |
| Select | 266 |
| Chat | 191 |
| Build/train/purchase | 50 |
| Use ability | 42 |
| Assign group | 27 |
| Remove unit | 3 |
| Esc | 3 |
16 units @ 1.3k
/ 0k
35 buildings @ 1.8k
/ 0.8k



| Potion of Healing | 2 | 300 |
| Scroll of Regeneration | 1 | 100 |
| Staff of Sanctuary | 2 | 500 |
| Orb of Fire | 1 | 325 |
| Boots of Speed | 1 | 250 |
| Staff of Teleportation | 2 | 300 |
| total: | 9 | 1775g |
| Peasant | 14 | 1050 | / | 0 |
| Priest | 1 | 135 | / | 10 |
| Sorceress | 1 | 155 | / | 20 |
| total: | 16 | 1340g | / | 30w |
| Scout Tower | 26 | 780 | / | 520 |
| Arcane Tower | 2 | 140 | / | 100 |
| Guard Tower | 10 | 700 | / | 500 |
| Altar of Kings | 1 | 180 | / | 50 |
| Farm | 5 | 400 | / | 100 |
| Lumber Mill | 1 | 120 | / | 0 |
| Arcane Vault | 1 | 130 | / | 30 |
| Arcane Sanctum | 1 | 150 | / | 140 |
| Keep | 2 | 640 | / | 420 |
| Castle | 1 | 360 | / | 210 |
| total: | 35 | 1760g | / | 840w |
| 0:02 | Peasant |
| 0:03 | Peasant |
| 0:08 | Altar of Kings |
| 0:13 | Farm |
| 0:23 | Scout Tower |
| 0:29 | Farm |
| 0:31 | Farm |
| 0:33 | Peasant |
| 0:34 | Peasant |
| 0:38 | Peasant |
| 0:50 | Peasant |
| 1:08 | Lumber Mill |
| 1:17 | Peasant |
| 1:20 | Peasant |
| 1:24 | Scout Tower |
| 1:36 | Peasant |
| 1:38 | Arcane Tower |
| 1:50 | Peasant |
| 1:52 | Scout Tower |
| 2:03 | Peasant |
| 2:07 | Blizzard |
| 2:20 | Guard Tower |
| 2:22 | Scout Tower |
| 2:46 | Guard Tower |
| 2:48 | Scout Tower |
| 2:48 | Scout Tower |
| 2:49 | Peasant |
| 2:49 | Peasant |
| 2:49 | Peasant |
| 3:22 | Brilliance Aura |
| 3:29 | Keep |
| 3:36 | Guard Tower |
| 3:44 | Arcane Vault |
| 3:51 | Boots of Speed |
| 3:51 | Staff of Teleportation |
| 4:02 | Guard Tower |
| 4:26 | Scout Tower |
| 4:27 | Scout Tower |
| 4:27 | Scout Tower |
| 5:14 | Scout Tower |
| 5:14 | Scout Tower |
| 5:15 | Scout Tower |
| 5:15 | Scout Tower |
| 5:16 | Scout Tower |
| 5:17 | Scout Tower |
| 5:46 | Guard Tower |
| 5:46 | Guard Tower |
| 5:48 | Farm |
| 5:48 | Farm |
| 6:12 | Guard Tower |
| 6:28 | Improved Masonry |
| 6:37 | Potion of Healing |
| 6:40 | Scout Tower |
| 6:40 | Scout Tower |
| 6:41 | Scout Tower |
| 6:57 | Castle |
| 7:09 | Arcane Sanctum |
| 7:18 | Storm Bolt |
| 7:23 | Potion of Healing |
| 7:52 | Guard Tower |
| 7:55 | Advanced Masonry |
| 7:55 | Improved Lumber Harvesting |
| 8:03 | Staff of Teleportation |
| 8:08 | Blizzard |
| 8:15 | Guard Tower |
| 8:47 | Priest |
| 8:47 | Magic Sentry |
| 8:48 | Sorceress |
| 8:48 | Sorceress Adept Training |
| 9:10 | Bash |
| 9:11 | Scroll of Regeneration |
| 9:43 | Scout Tower |
| 9:43 | Scout Tower |
| 9:44 | Scout Tower |
| 9:44 | Scout Tower |
| 10:42 | Staff of Sanctuary |
| 10:46 | Arcane Tower |
| 10:46 | Guard Tower |
| 11:17 | Orb of Fire |
| 11:33 | Holy Light |
| 12:28 | Scout Tower |
| 12:28 | Scout Tower |
| 12:29 | Scout Tower |
| 12:29 | Scout Tower |
| 12:46 | Staff of Sanctuary |
| Right click | 1340 |
| Select | 386 |
| Select group | 152 |
| Build/train/purchase | 92 |
| Chat | 86 |
| Use ability | 50 |
| Misc. action | 17 |
| Assign group | 15 |
| Item give/drop | 6 |
| Remove unit | 1 |
โ